← All builds
Front / Armada / Economy first / OBSERVED BUILD

Stout rush

Front skips early economy expansion to push Stout tanks out of the Vehicle Plant by 4:38, reaching a real Stout push around 7:00 to fight forward at middle before falling back on a delayed Bot Lab and mex.

#rush #push · 23 distinct matches · 11 players · 2% of Armada Front games · team won 35% of 23 · Recently observed

THE CATCH, AND WHAT COMES WITH IT
  • StoutT1 vehicle assault from 4:38 · 8% of role by thenFrom the Vehicle Plant. Only 8% of Front games have it by then; others who build it get it around 8:05
  • StoutStout in 78%2% of all Front games by then
  • ShellshockerArty in 52%11% of all Front games by then

Where those units first fight, in 23 games with kill data: in the middle 100%.

Those units destroy a typical 1,073 metal of enemy units by 15:00.

Then transitions into janus (10% of army), blitz (10% of army).

HOW TO PLAY IT

Key timing: Stout push by 4:38

  1. Open Vehicle Plant fast, then mex and solar as usual.
  2. Add Shellshocker artillery to back the coming push.
  3. Commit to Stout-led T1 vehicle assault at middle.
  4. Keep Stout flowing as the main force at front.
  5. Bring Bot Lab online as the push transitions.

Phase by phase

TYPICAL OF ITS 23 GAMES · AGAINST STANDARD FRONT
  1. 1
  2. 2
  3. 3
PLAY THE OPENING

Follow the example game's first 6:00 step by step: what to build now, what comes next, and where it goes. At 1× it keeps pace with your own game.

  1. 1

    Up to the Vehicle Plant

    Economy
    • Metal Extractor2Mex
    Order
    1. Vehicle PlantVehicle Plant after 2 mexdone ~0:42, middle half 0:35–0:48

    Some games also: wind (43%)

    By 0:23 in all: 2 mex

    The example game in this phase · 1 step
    1. Vehicle PlantVehicle Plantdone 0:22 · typical 0:42
  2. 2

    Vehicle Plant to T1 vehicle assault

    Economy
    • Metal Extractor5Mex
    • Wind Turbine3Wind
    Order
    1. StoutT1 vehicle assault after 6 mex, 3 wind
    Builders
    • Construction Vehicle2 Con vehicle
    Army
    • Sentry2 Sentry
    • Janus3 Janus
    • Rover2 Scout
    • Blitz1 Blitz

    Some games also: arty (39%) · con turret (35%) · Radar Tower (30%)

    By 4:33 in all: 6 mex · 3 wind (standard 5)

    The example game in this phase · 23 steps
    1. RoverScout
    2. Wind ×2
    3. RoverScout
    4. Mex
    5. Construction VehicleCon vehicle
    6. Mex ×2
    7. BlitzBlitz
    8. Mex
    9. BlitzBlitz ×2
    10. Mex
    11. BlitzBlitz ×2
    12. Mex
    13. BlitzBlitz ×2
    14. SentrySentry
    15. BlitzBlitz
    16. SentrySentry
    17. Construction VehicleCon vehicle
    18. SentrySentry
    19. Wind
    20. JanusJanus
    21. Wind ×2
    22. JanusJanus ×3
    23. StoutStoutnot finished by 15:00
  3. 3

    T1 vehicle assault to 10:00

    Economy
    • Metal Extractor1Mex
    • Wind Turbine14Wind−5 vs standard
    • Energy Converter1Converter
    • Energy Storage1Energy storage
    Builders
    • Construction Turret2 Con turret
    • Construction Vehicle2 Con vehicle +2 vs standard
    Army
    • Sentry1 Sentry
    • Stout10 Stout +10 vs standard

    Some games also: Radar Tower (43%) · Dragon's Teeth (43%) · scout (35%) · solar (35%) · missile truck (30%)

    The standard build makes here, this one skips: 5 blitz

    By 10:00 in all: 8 mex · 22 wind · 1 converter · 1 energy storage · 2 con turret

    The example game in this phase · 124 steps
    1. Construction VehicleCon vehicle
    2. BeamerBeamer
    3. Construction VehicleCon vehicle
    4. StoutStout
    5. BeamerBeamer
    6. WhistlerMissile truck
    7. StoutStout
    8. BeamerBeamer
    9. StoutStout
    10. Con turret
    11. StoutStout
    12. Mex
    13. StoutStout
    14. Con turret
    15. StoutStout
    16. Mex
    17. BlitzBlitz
    18. Wind
    19. StoutStout
    20. Wind
    21. StoutStout
    22. Wind
    23. GauntletGauntletdone 9:18
    24. StoutStout
    25. Wind ×2
    26. StoutStout
    27. Wind
    28. StoutStout
    29. Wind
    30. StoutStout
    31. Wind ×11
    32. JanusJanus
    33. Advanced Metal ExtractorT2 mexdone 9:55 · typical 9:42
    34. Wind
    35. StoutStout
    36. Wind
    37. Mex
    38. Mexfor Suicide front
    39. Converter
    40. Wind
    41. Dragon's TeethDragon's Teeth ×2
    42. Wind
    43. Dragon's TeethDragon's Teeth
    44. StoutStout
    45. Advanced Metal ExtractorT2 mex
    46. Wind
    47. Dragon's TeethDragon's Teeth ×2
    48. Converter
    49. Sneaky PeteSneaky Pete
    50. Dragon's TeethDragon's Teeth
    51. StoutStout
    52. Dragon's TeethDragon's Teeth
    53. Wind
    54. Dragon's TeethDragon's Teeth
    55. Converter
    56. Dragon's TeethDragon's Teeth
    57. Wind
    58. Dragon's TeethDragon's Teeth
    59. Converter
    60. Dragon's TeethDragon's Teeth ×2
    61. WhistlerMissile truck
    62. Dragon's TeethDragon's Teeth
    63. Wind
    64. Dragon's TeethDragon's Teeth ×4
    65. BlitzBlitz
    66. Converter
    67. Dragon's ClawDragon's Claw
    68. Advanced Metal ExtractorT2 mex
    69. Converter
    70. Wind
    71. Advanced Metal ExtractorT2 mex
    72. Vehicle PlantVehicle Plantdone 11:54
    73. Wind
    74. JanusJanus
    75. Dragon's ClawDragon's Claw
    76. JanusJanus
    77. Con turret
    78. Wind
    79. JanusJanus
    80. Wind
    81. JanusJanus
    82. Wind
    83. JanusJanus
    84. Wind
    85. StoutStout ×2
    86. Advanced Metal ExtractorT2 mex
    87. Bot LabBot Labdone 13:02 · typical 11:32
    88. StoutStout
    89. Dragon's ClawDragon's Claw
    90. StoutStout
    91. Wind
    92. StoutStout
    93. Wind
    94. Radar TowerRadar Tower
    95. StoutStout
    96. Wind
    97. StoutStout
    98. Wind
    99. StoutStout
    100. Wind
    101. StoutStout
    102. Wind
    103. StoutStout
    104. Wind
    105. StoutStout
    106. Advanced Metal ExtractorT2 mex
    107. Wind
    108. Dragon's ClawDragon's Claw
    109. StoutStout
    110. Wind
    111. StoutStout
    112. Wind
    113. StoutStout
    114. Wind ×2
    115. StoutStout
    116. Con turret ×2
    117. LazarusLazarus
    118. StoutStout
    119. Construction BotCon bot
    120. Converter
    121. StoutStout
    122. Converter ×2
    123. BeamerBeamer
    124. StoutStout

Counts are medians over the build's games: half of them build more, half fewer. The example game is Immort's (57 OS, 17/08/2026); pick another.

Team trades

IN AT LEAST 30% OF ITS GAMES

You hand over

Nothing regular.

You get

  • Tidal Generator4 Tidal from Pondfirst at 0:15 · in 70% of games
  • Tidal Generator4 Tidal from Pondfirst at 0:29 · in 30% of games
  • Advanced Construction Bot1 T2 con bot from Geo or Techfirst at 7:20 · in 65% of games

How it plays out

Typical game of this build against the role’s standard build, running totals by minute

  • This build
  • Standard front

Metal produced

010k20k30k
0:005:0010:0015:00

metal

Enemy metal destroyed

05k10k
0:005:0010:0015:00

metal

Own metal lost

05k10k
0:005:0010:0015:00

metal

23 games.

Show as table
ByMetal produced: This buildMetal produced: Standard frontEnemy metal destroyed: This buildEnemy metal destroyed: Standard frontOwn metal lost: This buildOwn metal lost: Standard front
1:003323330000
2:0082284531213131
3:001669162315014162105
4:0027382712573543325333
5:003865386811681199682818
6:00501650781895212011911534
7:00621363282488300618772457
8:00756976623055387125633361
9:00897390873633463832434329
10:0010594106663871532342325062
11:0012570126224571583854575711
12:0015385148345057638557026544
13:0018254174505643702862267287
14:0022004201836010765565428104
15:0023529226697962841477658946
WHAT THE NUMBERS SAY

Won far less often than the standard build, destroying and losing less enemy metal at every checkpoint.

  • + Loses less metal by 15:00 (7853 vs 8949)
  • + Loses less metal early by 5:00 (705 vs 849)
  • − Destroys much less enemy metal by 15:00 (6187 vs 8347)
  • − Team win rate falls to 32% vs standard's 61%
THE EXAMPLE YOU ARE READING

Immort

56.9 OS · 17/08/2026

Open source match ↗

12 received units · includes a constructor
255 metal received · 9863 energy received

Allied construction assistance is unknown. Timings are observations, not a promise of solo reproducibility.

Typical milestones

Vehicle Plant0:42Middle 50%: 0:35–0:48 · n=23
Advanced Metal Extractor9:42Middle 50%: 7:59–10:27 · n=19
Bot Lab11:32Middle 50%: 10:29–13:43 · n=13

Played most by

CentientWaffle7games of this buildImmort6games of this buildKcorp2games of this buildDeathkebab1game of this buildGodmother131game of this build